 Dungeon Crawl Stone Soup version 0.16.2-2-g470672f (webtiles) character file.

254 Enish the Gusty (level 5, 0/31 HPs)
             Began as a High Elf Air Elementalist on Aug 23, 2015.
             Was an Initiate of Ashenzari.
             Slain by CrazyArbalest's ghost (7 damage)
             ... on level 3 of the Dungeon.
             The game lasted 00:15:42 (3966 turns).

Enish the Gusty (High Elf Air Elementalist)         Turns: 3966, Time: 00:15:42

Health: 0/31       AC:  3    Str:  7    XL:     5   Next: 90%
Magic:  1/16       EV: 12    Int: 20    God:    Ashenzari [......]
Gold:   162        SH:  3    Dex: 15    Spells: 4 memorised, 4 levels left

rFire  . . .     SeeInvis .     (no weapon)
rCold  . . .     Clarity  .     a - +1 robe
rNeg   . . .     SustAb   .     m - +0 buckler
rPois  .         Gourm    .     (no helmet)
rElec  .         Spirit   .     (no cloak)
rCorr  .         Warding  .     (no gloves)
rMut   .         Stasis   .     (no boots)
MR     +....                    (no amulet)
Stlth  ++........               (no ring)
                                l - ring of protection from magic

@: very slightly contaminated, repel missiles, somewhat resistant to hostile
enchantments, unstealthy
A: no striking features
a: Renounce Religion


You were on level 3 of the Dungeon.
You worshipped Ashenzari.
Ashenzari was noncommittal.
You were hungry.

You visited 1 branch of the dungeon, and saw 3 of its levels.

You collected 162 gold pieces.

Inventory:

Hand weapons
 x - a +2 hunting sling of flaming
Missiles
 r - 2 throwing nets (quivered)
 s - 4 tomahawks
Armour
 a - a +1 robe (worn)
 m - a +0 buckler (worn)
Jewellery
 i - an uncursed ring of fire
 l - a ring of protection from magic (left hand)
 p - an uncursed amulet of stasis
 v - an uncursed ring of wizardry
 w - an uncursed amulet of clarity
 y - an uncursed amulet of guardian spirit
Scrolls
 d - 2 scrolls of enchant armour
 k - 4 scrolls of immolation {unknown}
 u - a scroll of identify
Potions
 e - a potion of flight
 g - a potion of magic
 n - a potion of curing {unknown}
 o - a potion of cancellation {unknown}
 q - a potion of cure mutation {unknown}
 t - a potion of beneficial mutation {unknown}
Books
 b - a book of Air

   Spells                             Type                      Level
   a - Shock                          Conjuration/Air              1
   b - Swiftness                      Charms/Air                   2
   c - Repel Missiles                 Charms/Air                   2
   d - Flight                         Charms/Air                   3
   e - Static Discharge               Conjuration/Air              3
   f - Lightning Bolt                 Conjuration/Air              5
Comestibles
 c - 3 bread rations
 f - 2 meat rations
 j - a slice of pizza


   Skills:
 - Level 2.4 Dodging
 - Level 2.1 Stealth
 - Level 4.0 Spellcasting
 * Level 4.5 Conjurations
 - Level 5.0 Air Magic


You had 4 spell levels left.
You knew the following spells:

 Your Spells              Type           Power        Failure   Level  Hunger
a - Shock                 Conj/Air       ###.         3%          1    None
b - Repel Missiles        Chrm/Air       ##....       12%         2    #......
c - Swiftness             Chrm/Air       ##......     12%         2    #......
d - Static Discharge      Conj/Air       ###.....     12%         3    ###....


Dungeon Overview and Level Annotations

Branches:
Dungeon (3/15)

Altars:
Ashenzari

Annotations:
D:1 1 runed door
D:3 CrazyArbalest's ghost, average CeHu


Message History

CrazyArbalest's ghost barely misses you.
Casting: Static Discharge
Confirm with . or Enter, or press ? or * to list all spells.
You miscast Static Discharge.
You are very lightly contaminated with residual magic.
Strange energies run through your body. CrazyArbalest's ghost hits you!
Unknown command.
Casting: Static Discharge
Confirm with . or Enter, or press ? or * to list all spells.
CrazyArbalest's ghost is struck by lightning.
CrazyArbalest's ghost is severely damaged.
The lightning arcs!
You are struck by lightning.
The lightning grounds out.
CrazyArbalest's ghost hits you!
* * * LOW HITPOINT WARNING * * *
Casting: Static Discharge
Confirm with . or Enter, or press ? or * to list all spells.
CrazyArbalest's ghost is struck by lightning.
CrazyArbalest's ghost is almost destroyed.
The lightning grounds out.
CrazyArbalest's ghost hits you!
You die...

# ##''## # # # # . # #. #
#'
########################.
.......W@.............†#.
≈≈≈≈≈≈≈≈≈≈≈≈≈≈≈≈≈≈≈≈≈≈≈##
≈≈≈≈≈≈≈≈≈≈≈≈≈≈≈≈≈≈≈≈≈≈≈≈
≈≈≈≈h≈≈≈≈≈≈≈≈††≈≈≈≈≈≈≈≈≈
.P...........†....P.....
.......................
######################


You could see CrazyArbalest's ghost and a jackal.

Vanquished Creatures
  A giant frog (D:3)
  5 gnolls
  4 adders
  3 worms
  2 giant geckos
  An ooze (D:3)
  3 orcs (D:3)
  6 bats
  5 giant cockroaches
  12 hobgoblins
  21 jackals
  A ball python (D:2)
  2 giant newts
  8 kobolds
  A quokka (D:3)
  6 rats
81 creatures vanquished.

Notes
Turn   | Place    | Note
--------------------------------------------------------------
     0 | D:1      | Enish, the High Elf Air Elementalist, began the quest for the Orb.
     0 | D:1      | Reached XP level 1. HP: 11/11 MP: 4/4
     3 | D:1      | Found a runed door.
   105 | D:1      | Reached skill level 4 in Air Magic
   105 | D:1      | Reached XP level 2. HP: 10/17 MP: 0/6
   297 | D:1      | Learned a level 2 spell: Repel Missiles
   300 | D:1      | Learned a level 2 spell: Swiftness
   675 | D:1      | Reached XP level 3. HP: 21/21 MP: 8/10
   696 | D:1      | Learned a level 3 spell: Static Discharge
  2059 | D:2      | Reached XP level 4. HP: 27/27 MP: 3/14
  2441 | D:2      | Reached skill level 5 in Air Magic
  2997 | D:3      | Found a shattered altar of Ashenzari.
  3005 | D:3      | Became a worshipper of Ashenzari the Shackled
  3104 | D:3      | Reached XP level 5. HP: 31/31 MP: 4/16
  3535 | D:3      | Noticed a giant frog
  3541 | D:3      | Killed a giant frog
  3826 | D:3      | Noticed CrazyArbalest's ghost (average CeHu)
  3966 | D:3      | Slain by CrazyArbalest's ghost

Action                   |  1- 3 |  4- 6 || total
-------------------------+-------+-------++-------
Melee: Unarmed           |     1 |     2 ||     3
 Cast: Shock             |    73 |   120 ||   193
       Static Discharge  |     4 |     4 ||     8
       Repel Missiles    |     1 |       ||     1
       Swiftness         |     1 |       ||     1
  Use: Scroll            |     4 |     1 ||     5
       Potion            |       |     1 ||     1
  Eat: Chunk             |     4 |     5 ||     9
